 Dungeon Crawl Stone Soup version 0.30.1-11-g7821555f0a (webtiles) character file.

Game seed: 10783970039162951663

163 Arctor the Ruffian (level 5, -1/41 HPs)
             Began as a Draconian Transmuter on Jan 9, 2024.
             Constricted to death by Sigmund (5 damage)
             ... on level 4 of the Dungeon.
             The game lasted 00:04:02 (3002 turns).

Arctor the Ruffian (Draconian Transmuter)           Turns: 3002, Time: 00:04:03

Health: -1/41      AC:  2    Str: 19    XL:     5   Next: 20%
Magic:  0/8        EV: 16    Int: 15    God:
Gold:   198        SH:  0    Dex: 22    Spells: 4/8 levels left

rFire   . . .        o - melded +2 short sword (drain)
rCold   . . .        (shield currently unavailable)
rNeg    . . .        (body armour unavailable)
rPois   x            (helmet currently unavailable)
rElec   .            (cloak currently unavailable)
rCorr   .            (gloves currently unavailable)
SInv    .            (boots currently unavailable)
Will    .....        u - amulet of guardian spirit
Stlth   ++           m - +6 ring of strength
HPRegen 0.26/turn    s - +6 ring of dexterity
MPRegen 0.11/turn

%: guardian spirit
@: spider-form, grasped by roots, constricted
A: venomous fangs, AC +5, tiny, unfitting armour, (cold-blooded)
a: End Transformation


You were on level 4 of the Dungeon.
You were a venomous arachnid creature.
You visited 1 branch of the dungeon, and saw 4 of its levels.

You collected 198 gold pieces.

Inventory:

Hand Weapons
 o - a +2 short sword of draining (melded)
Missiles
 i - 2 throwing nets
Armour
 p - a +0 cloak
Jewellery
 m - a +6 ring of strength (left front pincers)
 s - a +6 ring of dexterity (right front pincers)
 u - an amulet of guardian spirit (around neck)
Wands
 k - a wand of acid (14)
 q - a wand of polymorph (5)
Scrolls
 b - a scroll of fog {unknown}
 c - 2 scrolls of blinking {unknown}
 g - 3 scrolls of magic mapping {unknown}
 j - 2 scrolls of identify {unknown}
 l - 2 scrolls of teleportation {unknown}
 n - a scroll of fear {unknown}
Potions
 e - 2 potions of haste {unknown}
 f - a potion of mutation {unknown}
 h - a potion of brilliance {unknown}
 r - a potion of resistance {unknown}
 t - 2 potions of might {unknown}


   Skills:
 + Level 1.8 Fighting
 + Level 1.1 Short Blades
 - Level 1.7 Dodging
 + Level 4.3 Unarmed Combat
 + Level 2.3 Spellcasting
 + Level 3.6 Transmutations


You had 4 spell levels left.
You knew the following spells:

 Your Spells              Type           Power      Damage    Failure   Level
a - Beastly Appendage     Tmut           24%        N/A       14%         1
b - Spider Form           Tmut/Pois      7%         N/A       52%         3

Your spell library contained the following spells:

 Spells                   Type           Power      Damage    Failure   Level
 Wereblood                Tmut           12%        N/A       21%         2
 Tukima's Dance           Hex            1%         N/A       75%         3
 Ice Form                 Ice/Tmut       7%         N/A       87%         4
 Passage of Golubria      Tloc           1%         N/A       98%         4
 Yara's Violent Unravell  Hex/Tmut       3%         3d4       99%         5


Dungeon Overview and Level Annotations

Branches:
Dungeon (4/15)
 Temple: D:4-7

Altars:
Zin

Shops:
D:3 [

Annotations:
D:4 Sigmund


Innate Abilities, Weirdness & Mutations

You are a venomous arachnid creature.
You have venomous fangs.
You are tiny and dextrous.
Your spellcasting is less reliable in this form.
Your armour is entirely melded.
You are incapable of wielding weapons or throwing items.
((Your plain brown scales are hard. (AC +5)))
You cannot fit into any form of body armour.
((You are cold-blooded and may be slowed by cold attacks.))


Message History

The grasping roots grab you! The grasping roots constrict you.
You escape the roots grasp.
Sigmund hits you with a +3 scythe of protection!
You hit Sigmund but do no damage. You claw Sigmund, but do no damage.
You closely miss Sigmund. Your kick misses Sigmund.
You headbutt Sigmund, but do no damage.
Sigmund zaps a wand.
The roots erupt in riotous growth!
The grasping roots grab you!
Sigmund is unaffected.
The grasping roots constrict you.
Unknown command.
Casting: Beastly Appendage (safe; 4% risk of failure)
Confirm with . or Enter, or press ? or * to list all spells.
The spell is quite dangerous to miscast (30% risk of failure)!
Continue anyway?
Your horns disappear.
Your talons disappear.
You turn into a venomous arachnid creature.
Your +2 short sword of draining melds into your body.
Sigmund barely misses you. The grasping roots constrict you.
You closely miss Sigmund. You hit Sigmund but do no damage.
Sigmund is poisoned.
Sigmund barely misses you. The grasping roots constrict you.
The grasping roots release their grip on you.
You hit Sigmund.
Sigmund looks as sick as possible!
Sigmund is moderately wounded.
Sigmund giggles. "Time to reap what you sow."
Sigmund zaps a wand.
The roots erupt in riotous growth!
The grasping roots grab you!
Sigmund is unaffected.
The grasping roots constrict you.
Unknown command.
You hit Sigmund.
Sigmund looks as sick as possible!
Sigmund is moderately wounded.
Sigmund gestures at you while chanting. The puff of flame misses you.
The grasping roots constrict you.
Unknown command.
You hit Sigmund but do no damage.
Sigmund looks as sick as possible!
Sigmund is moderately wounded.
Sigmund hits you with a +3 scythe of protection!
* * * LOW HITPOINT WARNING * * *
The grasping roots constrict you.
You die...

...♣....# #.# P♣
♣♣##.###.#
♣.......#
♣.....###
♣.......#
#.....#.##
#........#
##.....#.#####.#
..........s@...#
###..############
..>. .... ##


You could see Sigmund (extremely poisoned).

Vanquished Creatures
  Crazy Yiuf (D:2)
  An orc wizard (D:4)
  Robin (D:2)
  A gnoll (D:1)
  2 worms (D:2)
  A dart slug (D:2)
  12 orcs
  5 ball pythons
  3 endoplasms
  A giant cockroach (D:2)
  13 goblins
  6 hobgoblins
  3 kobolds
  A quokka (D:1)
  7 bats
  3 frilled lizards
  6 rats
67 creatures vanquished.

Notes
Turn   | Place    | Note
-------+----------+-------------------------------------------
     0 | D:1      | Arctor the Draconian Transmuter began the quest for the
                  | Orb.
     0 | D:1      | Reached XP level 1. HP: 16/16 MP: 3/3
   408 | D:1      | Reached XP level 2. HP: 9/23 MP: 5/5
   714 | D:1      | Reached XP level 3. HP: 24/28 MP: 4/6
   774 | D:1      | Learned a level 3 spell: Spider Form
  1058 | D:2      | Found a runed translucent door.
  1059 | D:2      | Noticed Crazy Yiuf
  1167 | D:2      | Noticed Robin
  1195 | D:2      | Killed Robin
  1197 | D:2      | Reached skill level 4 in Unarmed Combat
  1510 | D:2      | Reached XP level 4. HP: 32/35 MP: 5/7
  2050 | D:2      | Killed Crazy Yiuf
  2146 | D:3      | Found Axeqush's Antique Armour Emporium.
  2346 | D:3      | Found a glowing silver altar of Zin.
  2664 | D:3      | Found a faded altar of an unknown god.
  2741 | D:3      | Reached XP level 5. HP: 41/41 MP: 8/8
  2897 | D:4      | Reached skill level 1 in Short Blades
  2991 | D:4      | Noticed Sigmund
  3002 | D:4      | Constricted to death by Sigmund

Illustrated notes

Levels and vault maps discovered:
D:1:      minmay_arrival_cross, layout_basic, dreamdust_wishing_well
D:2:      layout_basic, uniq_robin, uniq_crazy_yiuf_cottage
D:3:      layout_rooms, zin_academy, hellmonk_ecumenical_altar_inner_sanctum,
          serial_shops, nicolae_shop_competitors_out_of_business
D:4:      layout_loops_ring, nemelex_dance_club_becter, serial_forest,
          infiniplex_forest_clump_large, infiniplex_forest_end_1,
          infiniplex_forest_straight_4, infiniplex_forest_lined_room_2,
          infiniplex_forest_end_2, minmay_stone_trees_small, uniq_sigmund

Skill      XL: |  1  2  3  4  5 |
---------------+----------------+-----
Transmutations | 3 |  3.6
Unarmed Combat | 4 |  4.3
Short Blades   | 1 |  1.1
Fighting       | |  1.8
Dodging        | |  1.7
Spellcasting   | |  2.3

Action                     |  1- 3 |  4- 6 || total
---------------------------+-------+-------++-------
  Melee: Unarmed           |    88 |    14 ||   102
         Kick              |    20 |     6 ||    26
         Tailslap          |     8 |     4 ||    12
         Headbutt          |    11 |     6 ||    17
         Punch             |     3 |     2 ||     5
         Short sword       |       |    64 ||    64
   Cast: Beastly Appendage |    23 |    10 ||    33
         Spider Form       |       |     1 ||     1
    Use: Potion            |       |     2 ||     2
   Stab: Sleeping          |     1 |       ||     1
 Armour: Skin              |    24 |    32 ||    56
  Dodge: Dodged            |    64 |    42 ||   106
